 Dungeon Crawl Stone Soup version 0.28-a0-1038-g9c4cb8273d (webtiles) character file.

Game seed: 6543649081128990421

5 horus123 the Shield-Bearer (level 1, -1/18 HPs)
             Began as a Human Fighter on Dec 8, 2021.
             Succumbed to an adder's poison
             ... on level 2 of the Dungeon.
             The game lasted 00:00:44 (100 turns).

horus123 the Shield-Bearer (Human Fighter)           Turns: 100, Time: 00:00:45

Health: -1/18      AC:  6    Str: 16    XL:     1   Next: 88%
Magic:  1/1        EV:  9    Int:  8    God:
Gold:   0          SH:  4    Dex: 12    Spells: 0/0 levels left

rFire   . . .      SeeInvis .   a - +0 long sword
rCold   . . .      Faith    .   c - +0 buckler
rNeg    . . .      Spirit   .   b - +0 scale mail
rPois   .          Reflect  .   (no helmet)
rElec   .          Harm     .   (no cloak)
rCorr   .          Rampage  .   (no gloves)
Will    .....                   (no boots)
Stlth   ..........              (no amulet)
HPRegen 0.06/turn               (no ring)
MPRegen 0.07/turn               (no ring)

@: lethally poisoned (-1 -> -5)
A: no striking features
a: no special abilities


You were on level 2 of the Dungeon.
You visited 1 branch of the dungeon, and saw 2 of its levels.

Inventory:

Hand Weapons
 a - a +0 long sword (weapon)
Armour
 b - a +0 scale mail (worn)
 c - a +0 buckler (worn)
Scrolls
 f - a scroll of identify {unknown}
Potions
 d - a potion of might
 e - a potion of degeneration {unknown}
 g - a potion of heal wounds {unknown}


   Skills:
 - Level 3.0 Fighting
 + Level 2.5 Long Blades
 - Level 3.0 Armour
 - Level 3.0 Shields


You couldn't memorise any spells.
You didn't know any spells.
Your spell library was empty.

Dungeon Overview and Level Annotations

Branches:
Dungeon (1/15)

Altars:


Message History

Found 14 sling bullets.
A giant cockroach comes into view.
You see here 14 sling bullets.
The giant cockroach closely misses you. The giant cockroach barely misses you.
You hit the giant cockroach.
You kill the giant cockroach!
An adder comes into view.
The adder hisses angrily.
You closely miss the adder. The adder bites you but does no damage.
You block the adder's attack.
You miss the adder. The adder bites you.
You are poisoned.
The adder poisons you! The adder bites you.
You miss the adder.
You feel sick. The adder barely misses you.
You miss the adder.
You feel sick. The adder bites you.
You are more poisoned.
The adder poisons you! The adder barely misses you.
You barely miss the adder.
You feel sick. The adder bites you but does no damage. The adder bites you.
You hit the adder.
The adder is heavily wounded.
You feel sick. The adder bites you but does no damage.
You are too injured to fight recklessly!
You are too injured to fight recklessly!
You are too injured to fight recklessly!
You barely miss the adder.
The adder is heavily wounded.
You feel sick. The adder bites you but does no damage. The adder bites you.
* * * LOW HITPOINT WARNING * * *
You hit the adder.
The adder is severely wounded.
You feel sick.
You are no longer poisoned.
The adder bites you but does no damage. The adder bites you.
* * * LOW HITPOINT WARNING * * *
You are lethally poisoned!
The adder poisons you!
You miss the adder.
The adder is severely wounded.
You die...

## #.# #.# ###
#S## ..# ##@##.#
#.###.###.#
#.#.## #.# #.##
#.# #.# #.# #.#
#.# #.#####.##
#........#
#######..########


You could see an adder.

Vanquished Creatures
  An endoplasm (D:1)
  A giant cockroach (D:2)
  2 hobgoblins (D:1)
4 creatures vanquished.

Notes
Turn   | Place    | Note
-------+----------+-------------------------------------------
     0 | D:1      | horus123 the Human Fighter began the quest for the Orb.
     0 | D:1      | Reached XP level 1. HP: 18/18 MP: 1/1
    57 | D:1      | You fall into a shaft and drop 1 floor!
   100 | D:2      | Succumbed to an adder's poison

Illustrated notes

Levels and vault maps discovered:
D:1:      grunt_arrival_lava_bath, layout_loops_corners,
          shapermc_ecumenical_altar_pompeii, minmay_pentomino_o2
D:2:      layout_loops_ring

Action                   || total
-------------------------++-------
Melee: Long sword        ||    18
Armor: Scale mail        ||     6
Dodge: Dodged            ||     7
Block: Buckler           ||     2

Table legend: (Time is in decaauts)
 A = Elapsed time spent in this place.
 B = Non-inter-level travel time spent in this place.
 C = Inter-level travel time spent in this place.
 D = Time resting spent in this place.
 E = Time spent auto-exploring this place.
 F = Levels seen in this place.
 G = Mean time per level.
                   A        B        C        D        E       F      G
               +--------+--------+--------+--------+--------+-----+--------+
         Total |    104 |    104 |      0 |      0 |     63 |   2 |   52.0 |
       Dungeon |    104 |    104 |      0 |      0 |     63 |   2 |   52.0 |
               +--------+--------+--------+--------+--------+-----+--------+

Top non-repeatable levels by time:
     D:1: 59 daAuts
     D:2: 45 daAuts
